Description

3 Rax rine push with bunkers

Replay - Redshift LE (TvZ) marine all in

Build Order

Get SALT Encoding   

  12  0:01  SCV  
  13  0:17  SCV  
  14  0:24  Supply Depot  
  14  0:29  SCV  
  15  0:45  SCV  
  15  0:46  Barracks  
  16  0:59  Barracks  
  16  1:13  Barracks  
  16  1:25  SCV  
  17  1:32  Supply Depot  
  17  1:33  Marine  
  18  1:45  Bunker  
  18  1:47  Marine  
  19  1:56  Marine  
  19  1:58  SCV  
  19  2:00  Bunker  
  21  2:04  Marine x2  
  23  2:14  Marine  
  24  2:22  Marine x2  
  26  2:32  Marine  
  26  2:35  Bunker  
  27  2:42  Marine  
  31  3:11  Supply Depot  
Spawning Tool Build Advisor. Get it on Overwolf

Go to:

Details

  • Created by: silverhorn  
  • Published on: Aug 04, 2018
  • Modified on: Aug 04, 2018
  • Patch: 4.0.0
Show
View Real Time Build Order
Export as new Build Order

Comments (0)

There are no comments. Be the first!

Create an account to comment!